Map: Dusty Gorge

Players

LOADBLASTER - Winner!

  • Race: Terran Terran
  • League: Grandmaster
  • Spawn Location: 5:00

PureLegacy - Winner!

  • Race: Terran Terran
  • Spawn Location: 3:00

JanSobieski

  • Race: Protoss Protoss
  • Spawn Location: 9:00

IIIChEvYIII

  • Race: Zerg Zerg
  • Spawn Location: 11:00

VOD

Have the link to the VOD?

Description

Time

  • Played on: Dec. 1, 2018, 3:42 p.m.
  • Length: 7:45
Show
View Real Time Build Order
Export as new Build Order

LOADBLASTER Terran - Winner!

Build Orders: Command Center First (CC) 

Get SALT Encoding   

  12  0:02  SCV  
  13  0:14  SCV  
  13  0:19  Supply Depot  
  14  0:26  SCV  
  15  0:41  SCV  
  16  0:53  SCV  
  17  1:07  Command Center  
  17  1:08  SCV  
  18  1:17  Barracks  
  18  1:20  SCV  
  19  1:31  Barracks  
  19  1:35  SCV  
  20  1:48  Barracks  
  20  1:50  SCV  
  21  2:04  Marine  
  22  2:11  Bunker  
  22  2:13  Orbital Command  
  22  2:19  Marine  
  23  2:27  Orbital Command  
  23  2:30  Marine  
  23  2:34  Marine  
  25  2:41  SCV  
  26  2:44  Marine  
  26  2:49  Refinery  
  27  2:53  Marine, SCV  
  27  2:54  Marine  
  30  3:02  Marine  
  30  3:03  Bunker, SCV  
  32  3:05  SCV  
  32  3:09  Supply Depot  
  32  3:11  Marine  
  32  3:12  Marine  
  35  3:18  SCV x2  
  37  3:23  Barracks Tech Lab  
  37  3:25  Supply Depot  
  37  3:29  Marine  
  37  3:31  Marine, SCV x2  
  41  3:41  Supply Depot  
  41  3:43  SCV x2  
  41  3:44  Marine  
  41  3:47  Marine  
  45  3:49  Marine  
  47  3:55  SCV  
  47  4:00  Stimpack  
  47  4:02  SCV  
  49  4:07  SCV  
  49  4:09  Command Center  
  49  4:11  Marine x2  
  49  4:14  Marine, SCV  
  53  4:17  Refinery  
  53  4:21  Supply Depot  
  53  4:23  SCV  
  54  4:26  SCV  
  57  4:35  SCV  
  57  4:37  Barracks Reactor  
  56  4:42  SCV  
  56  4:43  Barracks, Barracks Reactor  
  56  4:44  Barracks  
  57  4:47  SCV  
  57  4:51  Supply Depot  
  58  4:54  SCV  
  58  4:57  Supply Depot  
  58  4:59  SCV  
  60  5:01  Marine  
  60  5:06  SCV  
  62  5:11  SCV  
  63  5:17  Barracks, Marine x2  
  63  5:18  Barracks, SCV  
  63  5:19  Marine x3  
  69  5:29  SCV  
  69  5:30  SCV  
  69  5:34  Marine, Barracks Reactor x2  
  72  5:41  SCV  
  72  5:42  Marine x4  
  75  5:43  SCV  
  75  5:47  Supply Depot  
  78  5:53  SCV  
  78  5:55  Supply Depot, Marine, SCV  
  81  5:57  Orbital Command  
  81  6:00  Marine  
  81  6:01  Combat Shield  
  81  6:04  Barracks Reactor x2  
  82  6:05  SCV  
  82  6:07  SCV  
  82  6:09  Marine  
  82  6:10  Marine x3  
  88  6:12  Marine  
  88  6:16  Supply Depot, Marine  
  88  6:17  Marine, SCV  
  92  6:26  Marine, Engineering Bay  
  92  6:27  Marine x2  
  92  6:28  Marine, Engineering Bay  
  92  6:29  Marine  
  97  6:34  Supply Depot, Marine x2  
  97  6:43  Marine  
  97  6:44  Marine x6  
  97  6:45  Marine  
  105  6:50  Marine x3  
  105  6:52  Marine x2  
  98  7:01  Marine  
  98  7:02  Marine x3  
  98  7:03  Marine  
  98  7:08  Marine x3  
  97  7:10  Marine  
  97  7:14  Command Center  
  97  7:16  SCV  
  97  7:17  Marine  
  97  7:18  Marine x2  
  97  7:19  Marine  
  102  7:23  Marine x2  
  102  7:24  SCV  
Show
View Real Time Build Order
Export as new Build Order

PureLegacy Terran - Winner!

Build Orders: Reaper Expand 

Get SALT Encoding   

  12  0:02  SCV  
  14  0:14  SCV  
  14  0:20  Supply Depot  
  14  0:26  SCV  
  15  0:36  Refinery  
  15  0:41  SCV  
  16  0:48  Barracks  
  16  0:53  SCV  
  17  1:06  SCV  
  18  1:18  SCV  
  19  1:35  Orbital Command  
  19  1:36  Reaper  
  20  1:48  Command Center  
  20  1:58  Factory  
  20  2:01  SCV  
  21  2:08  Supply Depot  
  21  2:14  Barracks Reactor  
  21  2:18  Refinery  
  21  2:20  SCV  
  22  2:33  SCV  
  23  2:44  Factory Tech Lab  
  23  2:45  SCV  
  23  2:50  Marine x2  
  26  2:58  SCV  
  26  3:03  Siege Tank  
  26  3:04  Orbital Command  
  29  3:08  Marine x2  
  29  3:10  SCV  
  32  3:17  Starport  
  32  3:22  SCV  
  32  3:26  Marine x2  
  35  3:31  Supply Depot, SCV  
  36  3:35  SCV  
  36  3:38  Siege Tank  
  40  3:41  Refinery  
  40  3:45  Refinery  
  40  3:46  SCV  
  41  3:50  SCV  
  41  3:53  Starport Tech Lab  
  42  3:58  SCV  
  42  4:02  SCV  
  44  4:10  Fusion Core, SCV  
  44  4:14  SCV  
  46  4:18  Supply Depot  
  46  4:21  Marine x2  
  46  4:23  SCV  
  49  4:26  SCV  
  50  4:36  SCV  
  50  4:38  SCV  
  52  4:48  Supply Depot  
  52  4:53  Starport, SCV x2  
  52  4:58  Battlecruiser  
  60  5:05  SCV  
  60  5:06  Supply Depot  
  61  5:09  SCV  
  61  5:12  Weapon Refit  
  62  5:24  SCV x2  
  64  5:36  Battlecruiser  
  70  5:44  Command Center  
  70  5:47  Supply Depot  
  70  5:49  SCV x2  
  72  6:20  SCV  
  72  6:21  SCV  
  80  6:44  Armory x2  
  80  6:45  Factory Reactor  
  72  6:49  Starport  
  80  7:02  SCV x2  
  82  7:13  Orbital Command  
  82  7:15  SCV x2  
  78  7:27  SCV x2  
  80  7:36  Command Center  
  80  7:37  Refinery  
  80  7:41  Refinery  
Show
View Real Time Build Order
Export as new Build Order

JanSobieski Protoss 

Build Orders:  

Get SALT Encoding   

  12  0:00  Probe  
  13  0:12  Probe  
  14  0:18  Pylon  
  14  0:24  Probe  
  15  0:34  Probe  
  15  0:38  Gateway  
  15  0:42  Probe  
  16  0:47  Assimilator  
  17  0:51  Probe  
  18  1:03  Probe  
  19  1:13  Gateway  
  19  1:15  Probe  
  20  1:18  Assimilator  
  20  1:36  Cybernetics Core  
  20  1:38  Probe  
  21  1:49  Pylon  
  21  1:50  Probe  
  22  1:54  Assimilator  
  22  2:02  Probe  
  22  2:08  Stalker x2  
  23  2:14  Probe  
  27  2:41  Nexus  
  27  2:44  Warp Gate  
  27  2:50  Probe, Pylon  
  28  3:01  Probe  
  29  3:07  Gateway  
  29  3:15  Assimilator  
  29  3:25  Probe  
  30  3:37  Probe  
  30  3:40  Assimilator  
  31  3:49  Probe  
  31  3:50  Probe  
  31  3:51  Stargate  
  33  3:58  Probe  
  33  4:01  Probe  
  35  4:08  Probe  
  35  4:13  Probe  
  35  4:15  Stargate  
  35  4:17  Probe  
  38  4:25  Probe x2  
  40  4:34  Probe  
  40  4:37  Probe  
  42  4:40  Fleet Beacon  
  42  4:46  Probe  
  42  4:50  Probe  
  44  4:58  Probe  
  45  5:02  Probe  
  46  5:10  Probe  
  46  5:14  Probe, Pylon  
  48  5:15  Protoss Air Weapons Level 1  
  48  5:27  Nexus  
  48  5:29  Tempest  
  48  5:32  Tempest  
  48  5:35  Sentry  
  60  5:37  Probe  
  60  5:39  Probe  
  62  5:54  Pylon  
  62  6:12  Probe  
  68  6:28  Pylon  
  68  6:30  Adept  
  70  6:36  Pylon  
  66  6:50  Pylon  
  57  7:15  Probe x2, Stargate  
  57  7:16  Stargate  
  57  7:20  Probe  
  57  7:22  Stargate  
  59  7:26  Pylon x2  
  59  7:27  Probe x2  
  61  7:31  Pylon  
  61  7:33  Probe  
  61  7:34  Stargate  
  62  7:40  Assimilator  
Show
View Real Time Build Order
Export as new Build Order

IIIChEvYIII Zerg 

Build Orders: Pool First 

Get SALT Encoding   

  12  0:03  Drone  
  13  0:14  Overlord  
  13  0:18  Drone  
  14  0:33  Drone x2  
  16  0:37  Drone  
  17  0:52  Spawning Pool  
  17  0:53  Drone  
  17  0:56  Extractor  
  16  0:58  Drone  
  17  1:19  Hatchery  
  17  1:23  Drone  
  17  1:41  Zergling x6  
  20  1:53  Queen  
  22  2:02  Metabolic Boost  
  22  2:07  Overlord  
  22  2:28  Drone x3  
  25  2:30  Queen  
  27  2:53  Hatchery  
  27  2:56  Zergling x2  
  27  2:57  Zergling x8  
  31  3:03  Zergling x4  
  33  3:12  Zergling x6  
  36  3:21  Overlord  
  36  3:41  Drone x7  
  37  3:44  Drone  
  44  3:50  Overlord  
  44  4:06  Drone  
  44  4:07  Drone x5  
  50  4:14  Extractor  
  49  4:17  Extractor  
  48  4:27  Drone x8  
  56  4:37  Drone x2  
  58  4:38  Overlord x3  
  58  4:47  Baneling Nest  
  58  4:48  Drone  
  58  4:56  Extractor  
  58  4:57  Drone x3  
  58  4:58  Drone x2  
  62  5:01  Lair  
  62  5:06  Drone x2  
  64  5:11  Drone x3  
  67  5:16  Drone x3  
  70  5:22  Drone x4  
  70  5:27  Queen  
  76  5:30  Drone  
  76  5:31  Drone  
  76  5:32  Baneling x2  
  76  5:33  Baneling  
  76  5:34  Baneling x2  
  78  5:37  Drone x2  
  78  5:40  Extractor  
  78  5:41  Extractor  
  78  5:44  Pneumatized Carapace  
  78  5:48  Drone  
  78  5:49  Drone, Evolution Chamber  
  79  5:50  Evolution Chamber  
  79  5:51  Drone  
  79  5:52  Drone  
  79  5:53  Drone  
  81  5:59  Centrifical Hooks  
  81  6:03  Drone  
  82  6:06  Overlord x3  
  82  6:13  Spire  
  73  6:31  Drone x4  
  73  6:32  Queen  
  75  6:39  Baneling x3  
  76  6:40  Baneling x3, Zergling x14  
  76  6:44  Baneling x3  
  83  6:53  Zergling x12  
  78  7:13  Drone x8  
  85  7:17  Spore Crawler  
  86  7:29  Baneling x10  
Tags
 
Add a new tag
Caveats
  • Supply blocks, unpowered buildings, or Contaminate may cause inaccurate times.
  • Supply counts are checked every 10 seconds.